 Dungeon Crawl Stone Soup version 0.19-a0-1907-gcff654f (webtiles) character file.

31360 JeffiDaFish the Severer (level 13, -7/175 HPs)
             Began as a Hill Orc Fighter on Oct 21, 2016.
             Was a High Priest of Beogh.
             Mangled by a 20-headed hydra (10 damage)
             ... on level 4 of the Lair of Beasts.
             The game lasted 00:48:12 (14548 turns).

JeffiDaFish the Severer (Hill Orc Fighter)         Turns: 14548, Time: 00:48:12

Health: -7/175     AC: 28    Str: 28    XL:     13   Next: 57%
Magic:  16/16      EV: 10    Int:  8    God:    Beogh [*****.]
Gold:   1067       SH: 18    Dex: 14    Spells: 1 memorised, 11 levels left

rFire  . . .     SeeInvis +     w - +1 war axe (protect)
rCold  . . .     Gourm    .     a - +3 chain mail {MR+}
rNeg   . . .     Faith    .     c - +1 shield
rPois  .         Spirit   .     L - +2 hat {SInv}
rElec  .         Reflect  +     (no cloak)
rCorr  .         Harm     .     O - +1 pair of gloves {Dex+3}
MR     ++...                    b - +1 pair of boots
Stlth  ..........               e - +3 amulet of reflection
                                N - ring of protection from magic
                                y - ring of see invisible

@: berserking (expiring), protection aura, very quick
A: walk on water
a: Smiting, Recall Orcish Followers, Give Item to Named Follower, Renounce
Religion


You were on level 4 of the Lair of Beasts.
You worshipped Beogh.
Beogh was extremely pleased with you.
You were not hungry.

You visited 2 branches of the dungeon, and saw 14 of its levels.

You collected 1067 gold pieces.

Inventory:

Hand Weapons
 w - a +1 war axe of protection (weapon)
Armour
 a - a +3 chain mail of magic resistance (worn)
 b - a +1 pair of boots (worn)
 c - a +1 shield (worn)
 x - +0 ice dragon scales
 L - a +2 hat of see invisible (worn)
 O - a +1 pair of gloves of dexterity (worn)
Jewellery
 e - a +3 amulet of reflection (around neck)
 y - a ring of see invisible (left hand)
 N - a ring of protection from magic (right hand)
Scrolls
 j - 5 scrolls of identify
 k - 2 scrolls of recharging
 l - 6 scrolls of remove curse
 n - a scroll of blinking
 q - 2 scrolls of magic mapping
 B - a scroll of teleportation
 F - a scroll of fear
Potions
 d - a potion of might
 s - 5 potions of flight
 u - 3 potions of curing
 v - a potion of haste
 C - a potion of magic
 I - a potion of brilliance
Books
 g - a book of Transfigurations

   Spells                             Type                      Level
   a - Irradiate                      Conjuration/Transmutation    5
   b - Statue Form                    Transmutation/Earth          6
   c - Hydra Form                     Transmutation                6
   d - Dragon Form                    Transmutation                7
Miscellaneous
 E - a lamp of fire
Comestibles
 f - 7 bread rations
 h - 7 beef jerkies
 i - 3 chunks of flesh
 o - 2 fruits
 z - 8 royal jellies
 G - a slice of pizza
 H - 3 meat rations


   Skills:
 + Level 11.8 Fighting
 + Level 16.3 Axes
 + Level 10.1 Armour
 - Level 2.9 Dodging
 - Level 2.7 Stealth
 + Level 12.2 Shields
 + Level 2.2 Spellcasting
 + Level 3.4 Conjurations
 + Level 2.5 Transmutations
 - Level 1.3 Invocations


You had 11 spell levels left.
You knew the following spells:

 Your Spells              Type           Power        Failure   Level  Hunger
a - Irradiate             Conj/Tmut      #.........   100%        5    ######.


Dungeon Overview and Level Annotations

Branches:
Dungeon (10/15)            Temple (0/1) D:7            Lair (4/6) D:10
 Shoals (0/4) Lair:2       Spider (0/4) Lair:4
    Orc: D:9-12

Altars:
Cheibriados
Fedhas
Gozag
Hepliaklqana
Kikubaaqudgha
Okawaru
Qazlal
Ru
Sif Muna
Uskayaw
The Shining One


Message History

The 20-headed hydra bites you but does no damage.
You block the 20-headed hydra's attack.
The 20-headed hydra bites you but does no damage. x2
The 20-headed hydra bites you!
* * * LOW HITPOINT WARNING * * *
The 20-headed hydra bites you but does no damage.
The 20-headed hydra bites you!
* * * LOW HITPOINT WARNING * * *
The 20-headed hydra bites you but does no damage. x5
The 20-headed hydra misses you.
You are too berserk!
You chop one of the 20-headed hydra's heads off!
You slash the 19-headed hydra!
The 19-headed hydra is severely wounded.
You slice one of the 19-headed hydra's heads off!
The 18-headed hydra grows two more!
You slash the 20-headed hydra!
The 20-headed hydra is heavily wounded.
The 20-headed hydra bites you but does no damage.
You block the 20-headed hydra's attack. The 20-headed hydra bites you!
You die...

###..................#.###
#..###..#.##>.#....#....#
#...#######.(##.#####<### ####
###...##.####.##..# #..###P#P###
#..............#..# ##..#P.......
....#######.#.....# #..P#..#.P(..
.....#...........## ##.###..#####
........#...#....# #..##.##
.......P...#####@# ##.##..##
............# ##D####..#P...#####
......####.## #.S.#......÷#......
#†...#####..###......#.P....##..#
#...##.##.##....P#.###.###.###...
#.).............#### #..##.......
#..##..#.#####..######.##.#.#....
#..#####.## ##.....##...#######.#
##.#######.##.......##..# ##.#


You could see a 20-headed hydra and a black mamba.

Vanquished Creatures
  Gastronok (Lair:1)
  Fannar (Lair:3)
  A hydra (Lair:4)
  An ice dragon (Lair:3)
  3 death yaks (Lair:4)
  The ghost of darkfrog the Thaumaturge, a novice GrEE of Sif Muna (D:10)
  2 unseen horrors
  A hill giant (D:10)
  An orb spider (Lair:4)
  An ugly thing (D:8)
  3 sirens (Lair:2)
  2 elephants (Lair:4)
  A centaur zombie (D:10)
  Joseph (D:9)
  3 black mambas
  7 spiny frogs
  4 komodo dragons
  A merfolk (Lair:2)
  A polar bear (Lair:4)
  5 dream sheep (Lair:4)
  10 blink frogs (Lair:4)
  4 hippogriffs
  A wraith (D:8)
  4 wyverns
  2 basilisks
  Sigmund (D:4)
  25 yaks
  A steam dragon (D:8)
  Duvessa (D:4)
  6 porcupines
  2 soldier ants (D:8)
  5 water moccasins
  2 orc warriors
  2 sky beasts
  An ice beast (D:7)
  A phantom (D:5)
  2 necrophages
  2 black bears (D:8)
  4 ogres
  3 centaurs
  5 crocodiles
  An elf zombie (D:8)
  2 big kobolds (D:8)
  10 bullfrogs
  2 water moccasin zombies
  Dowan (D:4)
  5 scorpions
  9 killer bees
  15 wights
  A troll skeleton (D:8)
  3 crimson imps
  3 human zombies (D:8)
  2 quasits
  A hound (D:5)
  A bullfrog zombie (D:7)
  An orc priest (D:6)
  A centaur skeleton (D:5)
  2 jellies
  7 orc wizards
  5 bullfrog skeletons
  15 worker ants
  A human skeleton (D:8)
  6 iguanas
  An ogre zombie (D:8)
  A mummy (D:8)
  A howler monkey zombie (D:6)
  4 gnolls
  8 adders
  2 shadow imps
  An adder zombie (D:8)
  An adder skeleton (D:5)
  2 worms
  3 dart slugs
  7 leopard geckos
  24 orcs
  3 ball pythons
  5 giant cockroaches
  9 goblins
  9 hobgoblins
  10 jackals
  4 quokkas
  2 bats
  5 frilled lizards
  A jackal skeleton (D:8)
  19 kobolds
  7 rats
  A bush (D:6)
  A fungus (Lair:4)
  2 plants
352 creatures vanquished.

Vanquished Creatures (collateral kills)
  Nergalle (Lair:1)
  A centaur zombie (D:10)
  A black mamba (Lair:2)
  A spiny frog (Lair:2)
  A troll (D:10)
  A hippogriff (D:9)
  A hungry ghost (D:10)
  4 yaks (D:10)
  2 water moccasins
  A porcupine (Lair:1)
  An ice beast (D:9)
  A centaur (D:9)
  2 bullfrogs
  A scorpion (D:9)
  2 killer bees (D:9)
  3 wights (D:10)
  A crimson imp (D:10)
  2 hounds
  An orc priest (D:10)
  2 gnolls (D:10)
  An adder zombie (D:8)
  A quokka (D:10)
  A butterfly (Lair:1)
33 creatures vanquished.

Vanquished Creatures (others)
  2 orc knights
  An orc warrior (Lair:1)
  A centaur (D:6)
  An orc wizard (Lair:4)
  3 orcs
  A giant cockroach (D:3)
  A bush (Lair:4)
  9 fungi
  4 plants
23 creatures vanquished.

Grand Total: 408 creatures vanquished

Notes
Turn   | Place    | Note
-------+----------+-------------------------------------------
     0 | D:1      | JeffiDaFish the Hill Orc Fighter began the quest for the Orb.
     0 | D:1      | Reached XP level 1. HP: 19/19 MP: 1/1
    65 | D:1      | Reached XP level 2. HP: 18/27 MP: 2/2
   621 | D:1      | Reached skill level 3 in Axes
   966 | D:2      | Reached XP level 3. HP: 30/33 MP: 3/3
  1351 | D:2      | Reached XP level 4. HP: 24/40 MP: 4/4
  1547 | D:2      | Reached skill level 4 in Axes
  2040 | D:3      | Found a snail-covered altar of Cheibriados.
  2171 | D:3      | Reached XP level 5. HP: 17/47 MP: 5/5
  2484 | D:3      | Became a worshipper of Beogh the Brigand
  2498 | D:3      | Reached skill level 5 in Axes
  2577 | D:3      | Found a hazy altar of Hepliaklqana.
  2857 | D:4      | Found a glowing golden altar of the Shining One.
  2857 | D:4      | Found a deep blue altar of Sif Muna.
  2858 | D:4      | Found an iron altar of Okawaru.
  2859 | D:4      | Found a hide-covered altar of Uskayaw.
  2947 | D:4      | Noticed Sigmund
  2953 | D:4      | Killed Sigmund
  2953 | D:4      | Reached skill level 5 in Fighting
  2953 | D:4      | Reached skill level 6 in Axes
  2953 | D:4      | Reached XP level 6. HP: 43/56 MP: 6/6
  3050 | D:4      | Noticed Duvessa
  3050 | D:4      | Noticed Dowan
  3077 | D:4      | Killed Duvessa
  3077 | D:4      | Reached skill level 1 in Dodging
  3077 | D:4      | Reached XP level 7. HP: 44/61 MP: 7/7
  3080 | D:4      | Killed Dowan
  3195 | D:4      | Reached skill level 5 in Shields
  3328 | D:4      | Reached skill level 7 in Axes
  3716 | D:5      | Entered Level 5 of the Dungeon
  3951 | D:5      | Reached * piety under Beogh
  3951 | D:5      | Reached skill level 5 in Armour
  3951 | D:5      | Reached XP level 8. HP: 68/69 MP: 8/8
  4338 | D:5      | Reached skill level 8 in Axes
  4348 | D:5      | Found a faded altar of an unknown god.
  4348 | D:5      | Found a sacrificial altar of Ru.
  4358 | D:5      | Found an opulent altar of Gozag.
  4360 | D:5      | Found a stormy altar of Qazlal.
  4367 | D:5      | Found a faded altar of an unknown god.
  4861 | D:6      | Found a blossoming altar of Fedhas.
  4958 | D:6      | You fall through a shaft!
  5017 | D:7      | Reached skill level 9 in Axes
  5282 | D:7      | Reached XP level 9. HP: 75/75 MP: 9/9
  5377 | D:7      | Reached ** piety under Beogh
  5379 | D:7      | Found a glowing golden altar of the Shining One.
  5398 | D:7      | Found a staircase to the Ecumenical Temple.
  5976 | D:8      | Reached skill level 10 in Axes
  6279 | D:8      | Reached skill level 1 in Stealth
  6517 | D:8      | Noticed a cyan ugly thing
  6534 | D:8      | Killed a cyan ugly thing
  6534 | D:8      | Reached skill level 11 in Axes
  6534 | D:8      | Reached XP level 10. HP: 27/86 MP: 10/10
  6666 | D:8      | Reached *** piety under Beogh
  7059 | D:8      | Reached skill level 12 in Axes
  7062 | D:8      | Found an ancient bone altar of Kikubaaqudgha.
  7706 | D:9      | Noticed Joseph
  7722 | D:9      | Killed Joseph
  7837 | D:9      | Reached **** piety under Beogh
  7941 | D:9      | Found an opulent altar of Gozag.
  7972 | D:9      | Noticed an unseen horror
  7990 | D:9      | Killed an unseen horror
  7990 | D:9      | Reached skill level 13 in Axes
  7990 | D:9      | Reached XP level 11. HP: 82/94 MP: 11/11
  8442 | D:10     | Entered Level 10 of the Dungeon
  8551 | D:10     | Got a fine ring mail
  8562 | D:10     | Identified the +4 ring mail of the Orange Skies {rC+} (You found it on level 10 of the Dungeon)
  8692 | D:10     | Gained Learuk as an ally
  8754 | D:10     | Reached skill level 10 in Shields
  8798 | D:10     | Noticed darkfrog's ghost (novice GrEE)
  8806 | D:10     | Noticed a hill giant
  8811 | D:10     | Killed darkfrog's ghost
  8817 | D:10     | Killed a hill giant
  8820 | D:10     | Noticed an unseen horror
  8831 | D:10     | Killed an unseen horror
  9335 | D:10     | Reached skill level 14 in Axes
  9418 | D:10     | Reached ***** piety under Beogh
  9449 | D:10     | Found a staircase to the Lair.
  9474 | Lair:1   | Entered Level 1 of the Lair of Beasts
  9474 | Lair:1   | Noticed Nergalle
  9490 | Lair:1   | Killed Nergalle
  9820 | Lair:1   | Your ally Learuk died
 10133 | Lair:1   | Reached XP level 12. HP: 103/106 MP: 12/12
 10189 | Lair:1   | Reached skill level 15 in Axes
 10197 | Lair:1   | Noticed Gastronok
 10218 | Lair:1   | Killed Gastronok
 10218 | Lair:1   | Reached skill level 10 in Fighting
 10855 | Lair:2   | Identified a scroll of acquirement
 10896 | Lair:2   | Gained Rocco as an ally
 10913 | Lair:2   | Your ally Rocco died
 11055 | Lair:2   | Reached skill level 1 in Invocations
 11195 | Lair:2   | Found a staircase to the Shoals.
 11439 | Lair:3   | Noticed Fannar
 11464 | Lair:3   | Killed Fannar
 11845 | Lair:3   | Learned a level 5 spell: Irradiate
 12059 | Lair:3   | Noticed an ice dragon
 12089 | Lair:3   | Killed an ice dragon
 12547 | Lair:4   | Reached skill level 1 in Conjurations
 12548 | Lair:4   | Reached skill level 16 in Axes
 12548 | Lair:4   | Reached skill level 1 in Transmutations
 12580 | Lair:4   | Reached skill level 1 in Spellcasting
 12580 | Lair:4   | Reached XP level 13. HP: 104/116 MP: 14/14
 12958 | Lair:4   | Found a hole to the Spider Nest.
 14149 | Lair:4   | Reached skill level 10 in Armour
 14546 | Lair:4   | HP: 3/175 [20-headed hydra (9)]
 14548 | Lair:4   | Mangled by a 20-headed hydra

Vault maps used:
D:1:      minmay_arrival_statue_studded, roderic_lattice_a,
          serial_bayou_crossing
D:2:      minmay_pentomino_w4
D:3:      kennysheep_slug_shrine, nicolae_overflow_crystal_walls
D:4:      chequers_temple_overflow_statue_of_worship, dk_rats_in_the_wall,
          uniq_sigmund, uniq_duvessa
D:5:      chequers_temple_overflow_minitemple, first_bread
D:6:      fedhas_bush_and_centaur_altar
D:7:      basic_altar, patterned_corridor
D:8:      lemuel_mausoleum_altar_kikubaaqudgha, hangedman_pestilent_swarm
D:9:      hangedman_abyss_or_decor_passed,
          nicolae_gozag_cash_rules_everything_around_me, uniq_joseph
D:10:     lair_0_dummy
Lair:1:   beast_lair_carwin_2, lemuel_fruit_fields, uniq_nergalle,
          uniq_gastronok
Lair:2:   elwin_shoals_entry_stream, minmay_hedge_maze, serial_bayou_shore_b
Lair:3:   dragon1_lemuel, serial_bayou_shore_b, uniq_fannar
Lair:4:   nicolae_spider_entry_orb_guardian, beast_lair_carwin_6

Skill      XL: |  1  2  3  4  5  6  7  8  9 10 11 12 13 |
---------------+----------------------------------------+-----
Fighting       | 4 5 6 7 8 9 11 | 11.8
Axes           | 3 4 6 7 9 11 13 14 16 | 16.3
Armour         | 4 5 6 7 8 9 10 | 10.1
Shields        | 4 5 6 8 9 11 12 | 12.2
Dodging        | 1 2 |  2.9
Stealth        | 1 2 |  2.7
Invocations    | 1 |  1.3
Conjurations   | 1 3 |  3.4
Transmutations | 1 2 |  2.5
Spellcasting   | 1 2 |  2.2

Action                   |  1- 3 |  4- 6 |  7- 9 | 10-12 | 13-15 || total
-------------------------+-------+-------+-------+-------+-------++-------
Melee: War axe           |    91 |   101 |   127 |   749 |   299 ||  1367
       Hand axe          |       |    76 |   202 |       |       ||   278
Invok: Convert to Beogh  |       |     1 |       |       |       ||     1
       Recall Orcish Fol |       |       |       |     6 |     1 ||     7
  Use: Scroll            |     7 |     3 |     7 |    13 |       ||    30
       Potion            |     1 |     3 |     5 |     4 |     9 ||    22
 Stab: Invisible         |       |       |     2 |       |       ||     2
       Distracted        |       |       |       |     3 |       ||     3
       Held in net/web   |       |       |       |       |     2 ||     2
  Eat: Chunk             |     1 |     5 |     7 |    14 |     6 ||    33
       Bread ration      |       |     1 |       |       |       ||     1
       Fruit             |       |       |     2 |     2 |       ||     4
       Royal jelly       |       |       |       |     2 |     1 ||     3
Armor: Scale mail        |    37 |    12 |       |       |       ||    49
       Plate armour      |       |    94 |    39 |       |       ||   133
       Chain mail        |       |       |    58 |   207 |   258 ||   523
Dodge: Dodged            |    23 |    23 |    37 |   102 |   122 ||   307
Block: Shield            |    40 |   110 |   192 |   428 |   289 ||  1059
       Reflection        |       |       |     7 |     4 |       ||    11
